 Dungeon Crawl Stone Soup version 0.27-a0-906-g0a00ce8 (webtiles) character file.

Game seed: 15736852711257249116

47 Nithhogg the Skirmisher (level 3, -2/29 HPs)
             Began as a Demonspawn Fighter on Apr 7, 2021.
             Slain by Sigmund
             ... wielding a +0 scythe
              (5 damage)
             ... on level 2 of the Dungeon.
             The game lasted 00:03:03 (1471 turns).

Nithhogg the Skirmisher (Demonspawn Fighter)        Turns: 1471, Time: 00:03:03

Health: -2/29      AC:  8    Str: 17    XL:     3   Next: 48%
Magic:  3/4        EV:  7    Int:  9    God:
Gold:   40         SH:  0    Dex: 12    Spells: 2/2 levels left

rFire    . . .     SeeInvis .   a - +0 long sword
rCold    . . .     Faith    .   c - +0 kite shield
rNeg     . . .     Spirit   .   b - +0 scale mail
rPois    .         Reflect  .   (no helmet)
rElec    .         Harm     .   (no cloak)
rCorr    .         Rampage  .   (no gloves)
Will     .....                  (no boots)
Stlth    ..........             (no amulet)
HPRegen  0.09/turn              (no ring)
MPRegen  0.09/turn              (no ring)

@: confused, mighty, hasted, very quick
A: talons 1, thin metallic scales 1
a: no special abilities


You were on level 2 of the Dungeon.
You visited 1 branch of the dungeon, and saw 2 of its levels.

You collected 40 gold pieces.

Inventory:

Hand Weapons
 a - a +0 long sword (weapon)
Armour
 b - a +0 scale mail (worn)
 c - a +0 kite shield (worn)
Scrolls
 f - a scroll of fear {unknown}
 g - 2 scrolls of noise {unknown}
 h - a scroll of vulnerability {unknown}
 i - a scroll of teleportation {unknown}
 m - a scroll of fog {unknown}
Potions
 d - a potion of might
 e - a potion of heal wounds {unknown}
 j - a potion of haste
 k - a potion of invisibility {unknown}
 l - a potion of ambrosia {unknown}


   Skills:
 + Level 3.2 Fighting
 + Level 2.1 Long Blades
 + Level 3.0 Armour
 + Level 0.9 Dodging
 + Level 3.0 Shields
 + Level 1.4 Invocations


You had 2 spell levels left.
You didn't know any spells.
Your spell library was empty.

Dungeon Overview and Level Annotations

Branches:
Dungeon (2/15)

Altars:

Annotations:
D:2 Sigmund


Innate Abilities, Weirdness & Mutations

You have sharp toenails.
You are partially covered in thin metallic scales. (AC +2)


Message History

The adder bites you but does no damage. You block Sigmund's attack.
Your shield and scale mail prevent you from hitting Sigmund.
Your kick misses Sigmund.
Sigmund is severely wounded.
You block the adder's attack.
Sigmund says, "Look into my eyes."
Sigmund hits you but does no damage. The adder bites you but does no damage.
You barely miss Sigmund. You claw Sigmund.
Sigmund is severely wounded.
The adder bites you but does no damage.
Sigmund screams, "Die, monster!"
Sigmund points at himself and mumbles some strange words.
Sigmund flickers and vanishes!
Deactivating autopickup; reactivate with Ctrl-A.
The adder closely misses you. You block something's attack.
You closely miss something. Your kick misses something.
You block the adder's attack. Something hits you but does no damage.
You block the adder's attack.
You closely miss the adder. You claw the adder.
You kill the adder!
You hear some strange, mumbled words.
A magic dart appears from out of thin air!
The magic dart hits you but does no damage.
You hear some strange, mumbled words.
Something tries to affect you, but you resist.
You closely miss something. Something hits you but does no damage.
You hear some strange, mumbled words.
A puff of flame appears from out of thin air!
The puff of flame hits you but does no damage.
You miss something.
You hear some strange, mumbled words.
You are confused.
You closely miss something. Your kick misses something.
You hear some strange, mumbled words.
Something tries to affect you, but you resist.
Something hits you!
* * * LOW HITPOINT WARNING * * *
Something hits you but does no damage.
It was a potion of haste.
You feel yourself speed up. Something hits you.
You die...

#............ ..
#............. ...#
#................ ###...#
####............ ......#
#...........# ......#
####...........###......#
................({......#
....########............#
....########....@..##...
...................#
...†...............#
...................#
....########.......#
....# #)).....# ....#
#.......# ....# #.......#
##### #.......#


There were no monsters in sight!

Vanquished Creatures
  An adder (D:2)
  A dart slug (D:2)
  3 ball pythons
  6 bats
  4 endoplasms
  2 giant cockroaches (D:1)
  4 goblins
  2 hobgoblins
  3 quokkas
  A frilled lizard (D:1)
  4 kobolds
  2 rats (D:1)
33 creatures vanquished.

Notes
Turn   | Place    | Note
-------+----------+-------------------------------------------
     0 | D:1      | Nithhogg the Demonspawn Fighter began the quest for the
                  | Orb.
     0 | D:1      | Reached XP level 1. HP: 18/18 MP: 1/1
     1 | D:1      | Noticed a felid
     3 | D:1      | Noticed a spriggan
     5 | D:1      | Noticed a gargoyle
     5 | D:1      | Noticed a vampire
     7 | D:1      | Noticed a minotaur
     9 | D:1      | Noticed a merfolk
     9 | D:1      | Noticed a demigod
    11 | D:1      | Noticed a tengu
    13 | D:1      | Noticed a formicid
    13 | D:1      | Noticed an elf
    15 | D:1      | Noticed an ogre
    15 | D:1      | Noticed a demonspawn
    17 | D:1      | Noticed a centaur
    17 | D:1      | Noticed a naga
    19 | D:1      | Noticed a barachi
    19 | D:1      | Noticed a vine stalker
    21 | D:1      | Noticed a troll
    23 | D:1      | Noticed an octopode
    23 | D:1      | Noticed a dwarf
    25 | D:1      | Noticed a ghoul
    25 | D:1      | Noticed a palentonga
    27 | D:1      | Noticed a draconian
    27 | D:1      | Noticed a human
   214 | D:1      | Gained mutation: You are partially covered in thin metallic
                  | scales. (AC +2) [demonic ancestry]
   214 | D:1      | Reached XP level 2. HP: 24/24 MP: 2/2
   280 | D:1      | Found a faded altar of an unknown god.
   302 | D:1      | Reached skill level 1 in Invocations
   991 | D:2      | Gained mutation: You have sharp toenails. [demonic
                  | ancestry]
   991 | D:2      | Reached XP level 3. HP: 27/29 MP: 3/3
  1451 | D:2      | Noticed Sigmund
  1471 | D:2      | Slain by Sigmund

Illustrated notes

Levels and vault maps discovered:
D:1:      kb_arrival_jail, layout_basic, basic_ecumenical_altar
D:2:      layout_basic, uniq_sigmund

Skill      XL: |  1  2  3 |
---------------+----------+-----
Long Blades    | 2 |  2.1
Invocations    | 1 |  1.4
Armour         | 3 |  3.0
Shields        | 3 |  3.0
Fighting       | |  3.2
Dodging        | |  0.9

Action                   || total
-------------------------++-------
Melee: Long sword        ||   109
       Kick              ||     8
  Use: Potion            ||     2
Armor: Scale mail        ||    82
Dodge: Dodged            ||    44
Block: Kite shield       ||    73
       Rpst.: Long sword ||    16

Table legend: (Time is in decaauts)
 A = Elapsed time spent in this place.
 B = Non-inter-level travel time spent in this place.
 C = Inter-level travel time spent in this place.
 D = Time resting spent in this place.
 E = Time spent auto-exploring this place.
 F = Levels seen in this place.
 G = Mean time per level.
                   A        B        C        D        E       F      G
               +--------+--------+--------+--------+--------+-----+--------+
         Total |   1530 |   1521 |      9 |    228 |    973 |   2 |  765.0 |
       Dungeon |   1530 |   1521 |      9 |    228 |    973 |   2 |  765.0 |
               +--------+--------+--------+--------+--------+-----+--------+

Top non-repeatable levels by time:
     D:1: 1005 daAuts
     D:2: 525 daAuts
